 Dungeon Crawl Stone Soup version 0.29-a0-296-gda187f2e07 (webtiles) character file.

Game seed: 876176445321122047

61 kae the Firebug (level 4, -4/24 HPs)
             Began as a Tengu Fire Elementalist on Mar 19, 2022.
             Slain by a gnoll
             ... wielding a +0 flail
              (7 damage)
             ... on level 2 of the Dungeon.
             The game lasted 00:01:05 (1893 turns).

kae the Firebug (Tengu Fire Elementalist)           Turns: 1893, Time: 00:01:05

Health: -4/24      AC:  2    Str:  9    XL:     4   Next: 7%
Magic:  0/8        EV: 12    Int: 17    God:
Gold:   55         SH:  0    Dex: 14    Spells: 7/8 levels left

rFire   . . .      SeeInvis .   g - +1 dagger (speed)
rCold   . . .      Faith    .   (no shield)
rNeg    . . .      Spirit   .   a - +0 robe
rPois   .          Reflect  .   (helmet restricted)
rElec   .          Harm     .   (no cloak)
rCorr   .          Rampage  .   (no gloves)
Will    .....                   (boots unavailable)
Stlth   ++........              (no amulet)
HPRegen 0.08/turn               (no ring)
MPRegen 0.11/turn               (no ring)

@: no status effects
A: beak, talons 3
a: no special abilities


You were on level 2 of the Dungeon.
You visited 1 branch of the dungeon, and saw 2 of its levels.

You collected 55 gold pieces.

Inventory:

Hand Weapons
 d - a +0 hand axe
 g - a +1 dagger of speed (weapon)
Armour
 a - a +0 robe (worn)
Scrolls
 e - a scroll of identify
Potions
 b - a potion of magic
 c - a potion of flight
 f - a potion of curing {unknown}


   Skills:
 - Level 2.1 Dodging
 - Level 2.0 Stealth
 + Level 2.5 Spellcasting
 + Level 2.7 Conjurations
 * Level 4.4 Fire Magic


You had 7 spell levels left.
You knew the following spells:

 Your Spells              Type           Power      Damage    Failure   Level
a - Foxfire               Conj/Fire      56%        2x1d6     4%          1

Your spell library contained the following spells:

 Spells                   Type           Power      Damage    Failure   Level
 Scorch                   Fire           34%        2d6       4%          2
 Conjure Flame            Conj/Fire      14%        6-21      13%         3
 Inner Flame              Hex/Fire       9%         N/A       22%         3
 Blink                    Tloc           4%         N/A       28%         2
 Flame Wave               Conj/Fire      14%        2d6       38%         4
 Manifold Assault         Tloc           2%         N/A       99%         5
 Storm Form               Tmut/Air       1%         N/A       100%        7


Dungeon Overview and Level Annotations

Branches:
Dungeon (2/15)

Altars:


Innate Abilities, Weirdness & Mutations

You have a beak for a mouth.
You have claws for feet.


Message History

The foxfire hits the gnoll.
The gnoll is heavily wounded.
The foxfire hits the gnoll.
You kill the gnoll!
You have reached level 4!
You feel stronger.
Casting: Foxfire (safe; 4% risk of failure)
Confirm with . or Enter, or press ? or * to list all spells.
You conjure some foxfire!
The foxfire hits the gnoll but does no damage. x2
Casting: Foxfire (safe; 4% risk of failure)
Confirm with . or Enter, or press ? or * to list all spells.
You conjure some foxfire!
The foxfire hits the gnoll but does no damage.
Casting: Foxfire (safe; 4% risk of failure)
Confirm with . or Enter, or press ? or * to list all spells.
You conjure some foxfire!
The foxfire hits the gnoll but does no damage. x2
The gnoll hits you from afar with a +0 halberd.
Casting: Foxfire (safe; 4% risk of failure)
Confirm with . or Enter, or press ? or * to list all spells.
You conjure some foxfire!
A gnoll comes into view. It is wielding a +0 spear.
The gnoll barely misses you.
The foxfire hits the gnoll but does no damage.
The foxfire hits the gnoll.
The gnoll is lightly wounded.
The gnoll misses you.
Casting: Foxfire (safe; 4% risk of failure)
Confirm with . or Enter, or press ? or * to list all spells.
You conjure some foxfire!
The gnoll hits you from afar with a +0 halberd!
The foxfire hits the gnoll but does no damage.
The gnoll is lightly wounded.
The foxfire hits the gnoll.
The gnoll is heavily wounded.
The gnoll hits you from afar with a +0 halberd!
* * * LOW HITPOINT WARNING * * *
The gnoll attacks as you move away! The gnoll hits you with a +0 flail!
You die...

##### #.#.......# #.#
......#.#.......### #.# +
.†...)#.#.........# ##.# ..#
.......>.....)....###..#....#
.......§##)...#.............#
^....g..##..g.####..##......#
......#........§#.#.#.......#
......$.....†gg##.###.......#
..............#@....#.......#
####.#####.#'.###.##........#
#. #.#..# #.# ........#
#.#.## .# ..##### #. #. #.


You could see 3 gnolls.

Vanquished Creatures
  An adder (D:2)
  A gnoll (D:2)
  A dart slug (D:2)
  3 ball pythons (D:1)
  2 endoplasms
  3 giant cockroaches
  2 goblins
  2 hobgoblins
  7 jackals (D:1)
  2 kobolds
  2 quokkas (D:1)
  2 bats
  3 frilled lizards
  6 rats (D:1)
37 creatures vanquished.

Vanquished Creatures (collateral kills)
  A foxfire (D:1)
1 creature vanquished.

Vanquished Creatures (others)
  103 foxfires
103 creatures vanquished.

Grand Total: 141 creatures vanquished

Notes
Turn   | Place    | Note
-------+----------+-------------------------------------------
     0 | D:1      | kae the Tengu Fire Elementalist began the quest for the
                  | Orb.
     0 | D:1      | Reached XP level 1. HP: 10/10 MP: 4/4
    17 | D:1      | Found a faded altar of an unknown god.
   282 | D:1      | Reached XP level 2. HP: 12/15 MP: 1/6
  1113 | D:1      | Reached skill level 4 in Fire Magic
  1113 | D:1      | Reached XP level 3. HP: 19/19 MP: 4/7
  1881 | D:2      | Reached XP level 4. HP: 24/24 MP: 4/8
  1893 | D:2      | Slain by a gnoll

Illustrated notes

Levels and vault maps discovered:
D:1:      dpeg_arrival_ratfight, layout_basic,
          ebering_ecumenical_altar_petrified, roderic_lattice_a,
          chequers_decorated_corner
D:2:      layout_basic, kennysheep_small_spiral, minmay_octomino_j4, uniq_robin

Skill      XL: |  1  2 |
---------------+-------+-----
Conjurations   | 2 |  2.7
Fire Magic     | 4 |  4.4
Dodging        | |  2.1
Stealth        | |  2.0
Spellcasting   | |  2.5

Action                   |  1- 3 |  4- 6 || total
-------------------------+-------+-------++-------
Melee: Unarmed           |     5 |       ||     5
       Peck              |     4 |       ||     4
       Hand axe          |    10 |       ||    10
       Kick              |     2 |       ||     2
       Dagger            |     6 |       ||     6
 Cast: Foxfire           |    59 |     5 ||    64
  Use: Scroll            |     3 |       ||     3
Armor: Robe              |     8 |       ||     8
Dodge: Dodged            |    31 |     2 ||    33

Table legend: (Time is in decaauts)
 A = Elapsed time spent in this place.
 B = Non-inter-level travel time spent in this place.
 C = Inter-level travel time spent in this place.
 D = Time resting spent in this place.
 E = Time spent auto-exploring this place.
 F = Levels seen in this place.
 G = Mean time per level.
                   A        B        C        D        E       F      G
               +--------+--------+--------+--------+--------+-----+--------+
         Total |   1894 |   1810 |     84 |     91 |   1464 |   2 |  947.0 |
       Dungeon |   1894 |   1810 |     84 |     91 |   1464 |   2 |  947.0 |
               +--------+--------+--------+--------+--------+-----+--------+

Top non-repeatable levels by time:
     D:1: 1683 daAuts
     D:2: 211 daAuts
